 Dungeon Crawl Stone Soup version 0.16-a0-3714-geb26cbe (webtiles) character file.

5597 vatarom the Fighter (level 10, -2/51 HPs)
             Began as a Felid Berserker on Jan 20, 2015.
             Was a High Priest of Trog.
             Slain by an orc warrior
             ... wielding a +0 glaive
              (21 damage)
             ... on level 11 of the Dungeon.
             The game lasted 00:34:35 (12067 turns).

vatarom the Fighter (Felid Berserker)              Turns: 12067, Time: 00:34:36

Health: -2/51      AC:  2    Str: 14    XL:     10   Next: 45%
Magic:  25/25      EV: 26    Int: 10    God:    Trog [*****.]
Gold:   607        SH:  0    Dex: 17    Spells: 0 memorised, 9 levels left
                                        Lives:  0   Deaths: 3

rFire  + . .     SeeInvis +       - Unarmed
rCold  . . .     Clarity  .     (armour unavailable)
rNeg   . . .     SustAb   .     (shield unavailable)
rPois  .         Gourm    .     (helmet unavailable)
rElec  .         Spirit   .     (cloak unavailable)
rCorr  .         Warding  .     (gloves unavailable)
rMut   .         Stasis   .     (boots unavailable)
MR     +....                    (no amulet)
Stlth  ++++......               y - ring of flight
                                e - ring of protection from fire

@: quick, somewhat resistant to hostile enchantments, stealthy
A: paw claws, no armour, no weapons or thrown items, fangs 3, see invisible,
carnivore 3, speed 1, shaggy fur 2, slow metabolism 1
a: Burn Spellbooks, Berserk, Trog's Hand, Brothers in Arms, Renounce Religion,
Evoke Flight


You were on level 11 of the Dungeon.
You worshipped Trog.
Trog was extremely pleased with you.
You were full.

You visited 1 branch of the dungeon, and saw 11 of its levels.
You also visited: Ossuary.

You collected 607 gold pieces.

Inventory:

Jewellery
 e - a ring of protection from fire (left paw)
 s - an uncursed ring of see invisible
 u - an uncursed ring of ice
 y - a ring of flight (right paw)
Magical devices
 g - a wand of random effects (0)
 n - a wand of fireball (5)
 o - a wand of slowing (12)
 p - a wand of paralysis (3)
 q - a wand of cold (0)
Scrolls
 f - 9 scrolls of identify
 h - 5 scrolls of remove curse
 m - 2 scrolls of magic mapping
 A - a scroll of teleportation
Potions
 a - a potion of resistance
 b - 3 potions of agility
 d - a potion of lignification
 i - a potion of might
 j - 2 potions of curing
 l - a potion of heal wounds
 r - a potion of berserk rage
 t - a potion of haste
 w - a potion of invisibility
Books
 v - a book of the Earth

   Spells                             Type                      Level
   a - Leda's Liquefaction            Hexes/Earth                  4
   b - Bolt of Magma                  Conjuration/Fire/Earth       5
   c - Statue Form                    Transmutation/Earth          6
   d - Iron Shot                      Conjuration/Earth            6
   e - Shatter                        Earth                        9
   Trog disapproves of the use of such an item.
Comestibles
 c - 2 meat rations
 k - 2 beef jerkies
 x - 8 slices of pizza


   Skills:
 - Level 10.4 Fighting
 - Level 10.0 Dodging
 + Level 5.5 Stealth
 - Level 10.0 Unarmed Combat
 - Level 10.1 Evocations


You had 9 spell levels left.
You didn't know any spells.

Dungeon Overview and Level Annotations

Branches:
Dungeon (11/15)            Temple (0/1) D:4            Lair (0/8) D:10
    Orc: D:9-12

Altars:
Cheibriados
Gozag
Makhleb
Sif Muna
Trog
Vehumet
Xom
Zin

Annotations:
D:11 Grum


Innate Abilities, Weirdness & Mutations

You cannot wear armour.
You are incapable of wielding weapons or throwing items.
Your paws have sharp claws.
You have razor-sharp teeth.
You have supernaturally acute eyesight.
You are carnivorous and can eat meat at any time.
You cover ground quickly.
You are covered in thick fur (AC +2).
You have a slow metabolism.


Message History

The orc wizard misses you.
You scratch the orc wizard.
The orc wizard is almost dead.
The orc warrior completely misses you.
An orc comes into view.
You scratch the orc wizard.
You kill the orc wizard!
Trog accepts your kill.
Trog appreciates your killing of a magic user.
The orc wizard points at you and mumbles some strange words.
The magic dart hits you!
The orc moves out of view.
The orc warrior hits you from afar with a glaive!
Evoke which item? (* to show all) (? for menu, Esc to quit)
Zapping:
p - a wand of paralysis (4)
Press: ? - help, Shift-Dir - straight line, f - orc warrior
Aim: an orc warrior, wielding a glaive and wearing a chain mail (chance 68%)
The orc warrior struggles to resist.
This wand has 3 charges left.
Unknown command.
The orc warrior hits you from afar with a glaive!!
You die...

...o ... ##+##+##.h
.........# ..........# {
..........# ########
..........#+#....#.#
..#+#....##.##...#.###
..# +....o.@)'...'...+
..+ . #....#'###...###'#
..###
#.....#o.####...#.###...#
#.....+..' +...#...#...+
+.....#..#. #...+...+...#
#.....#######...#'###...#
...### ###....)..### ..
+....)).'..
########....)..##.


You could see an orc warrior and an orc wizard.

Vanquished Creatures
  Pikel (D:4)
  3 hill giants (D:10)
  The ghost of Gorice the Slasher, an experienced DgWn (D:5)
  A fire drake (D:10)
  2 deep elf magi
  A spriggan (D:10)
  5 yaks (D:9)
  A hungry ghost (D:9)
  4 wolves (D:11)
  Menkaure (D:5)
  A water moccasin (D:9)
  5 orc warriors
  2 centaurs
  2 ice beasts
  A phantom (D:8)
  A sky beast (D:10)
  The ghost of Stick the Shield-Bearer, an average FoFi (D:4)
  4 ogres
  Sigmund (D:3)
  2 big kobolds
  8 giant frogs
  6 jellies
  A water moccasin zombie (D:7)
  3 wights
  A wyvern skeleton (D:9)
  A scorpion (D:9)
  7 killer bees
  10 crimson imps
  2 hounds
  A centaur zombie (D:9)
  2 goliath beetles
  2 giant frog skeletons
  A centaur skeleton (D:7)
  19 orc wizards
  A gnoll shaman (D:6)
  7 orc priests
  7 worker ants
  4 iguanas
  A big kobold zombie (Ossuary)
  A hound zombie (D:10)
  3 mummies
  A worker ant zombie (D:5)
  14 adders
  5 gnolls
  A shadow imp (D:5)
  2 giant mites
  3 worms
  An adder zombie (D:3)
  4 adder skeletons
  4 giant geckos
  36 orcs
  3 giant cockroaches
  15 goblins
  23 hobgoblins
  17 jackals
  40 kobolds
  14 bats
  4 giant newts
  A giant spore (D:8)
  2 goblin zombies (Ossuary)
  A jackal skeleton (D:8)
  A jackal zombie (Ossuary)
  A quokka (D:8)
  A quokka zombie (D:8)
  20 rats
  7 ballistomycetes (D:9)
  3 plants (D:4)
352 creatures vanquished.

Vanquished Creatures (collateral kills)
  2 hydras
  An obsidian statue (D:10)
  A two-headed ogre (D:9)
  The ghost of ConnectionFaild the Charlatan, an average SpAr (Ossuary)
  A slave (D:4)
  Duvessa (D:5)
  A giant frog (D:9)
  5 killer bees (D:8)
  Dowan (D:5)
  A jelly (D:6)
  A giant frog skeleton (D:6)
  An iguana (D:9)
  An orc priest (D:6)
  A human zombie (Ossuary)
  A big kobold zombie (Ossuary)
  2 mummies (Ossuary)
  An adder (D:4)
  4 gnolls (D:6)
  4 orcs (D:6)
  A gnoll zombie (Ossuary)
  A hobgoblin (D:6)
  2 goblin zombies (Ossuary)
  A hobgoblin zombie (Ossuary)
  2 kobold zombies (Ossuary)
38 creatures vanquished.

Vanquished Creatures (others)
  2 two-headed ogres
  An orc wizard (D:8)
  A giant gecko (D:9)
  A giant cockroach (D:4)
  A giant spore (D:9)
  A ballistomycete (D:8)
7 creatures vanquished.

Grand Total: 397 creatures vanquished

Notes
Turn   | Place    | Note
--------------------------------------------------------------
     0 | D:1      | vatarom, the Felid Berserker, began the quest for the Orb.
     0 | D:1      | Reached XP level 1. HP: 10/10 MP: 2/2
   173 | D:1      | Reached XP level 2. HP: 14/14 MP: 3/3
   339 | D:1      | Acquired Trog's second power
   472 | D:1      | Gained mutation: You are partially covered in thin metallic scales (AC +2). [potion of mutation]
   472 | D:1      | Gained mutation: You are clumsy. (Dex -2) [potion of mutation]
   690 | D:1      | Reached XP level 3. HP: 18/18 MP: 5/5
  1017 | D:2      | Reached XP level 4. HP: 22/22 MP: 7/7
  1059 | D:2      | Reached skill level 5 in Fighting
  1172 | D:2      | Found a burning altar of Makhleb.
  1267 | D:2      | Reached XP level 5. HP: 21/26 MP: 8/8
  1293 | D:2      | Found a glowing silver altar of Zin.
  1905 | D:3      | Noticed Sigmund
  1918 | D:3      | Killed Sigmund
  1918 | D:3      | Reached skill level 5 in Unarmed Combat
  2026 | D:3      | Acquired Trog's third power
  2026 | D:3      | Gained mutation: You are covered in thick fur (AC +2). [growing up]
  2026 | D:3      | Reached XP level 6. HP: 19/30 MP: 10/10
  2212 | D:3      | Reached skill level 5 in Dodging
  2484 | D:4      | Found a staircase to the Ecumenical Temple.
  2485 | D:4      | Noticed Stick's ghost (average FoFi)
  2495 | D:4      | Killed Stick's ghost
  2495 | D:4      | Reached skill level 6 in Dodging
  2617 | D:4      | Reached XP level 7. HP: 33/33 MP: 12/12
  2800 | D:4      | Noticed Pikel
  2813 | D:4      | Killed Pikel
  2813 | D:4      | Reached skill level 9 in Dodging
  2952 | D:4      | Reached skill level 10 in Dodging
  2952 | D:4      | Reached XP level 8. HP: 20/37 MP: 13/13
  3670 | D:5      | Entered Level 5 of the Dungeon
  3670 | D:5      | Noticed Menkaure
  3677 | D:5      | Killed Menkaure
  3750 | D:5      | Found a sand-covered staircase.
  3752 | D:5      | Noticed Duvessa
  3753 | D:5      | Noticed Dowan
  3760 | Ossuary  | Entered an ossuary
  3761 | Ossuary  | Noticed ConnectionFaild's ghost (average SpAr)
  3772 | Ossuary  | Killed ConnectionFaild's ghost
  4010 | D:5      | Killed Duvessa
  4011 | D:5      | Killed Dowan
  4761 | D:5      | Noticed Gorice's ghost (experienced DgWn)
  4781 | D:5      | Killed Gorice's ghost
  4781 | D:5      | Reached XP level 9. HP: 40/40 MP: 18/18
  4828 | D:5      | Found a shimmering altar of Xom.
  4829 | D:5      | Found a radiant altar of Vehumet.
  5899 | D:7      | Reached skill level 10 in Unarmed Combat
  6508 | D:7      | Found a deep blue altar of Sif Muna.
  6757 | D:7      | HP: 3/63 [orc warrior/dire flail (22)]
  6757 | D:7      | Killed from afar by an orc priest
  6758 | D:7      | Reached XP level 8. HP: -11/58 MP: 16/16
  7024 | D:7      | Reached XP level 9. HP: 34/44 MP: 18/18
  7247 | D:7      | Found a bloodstained altar of Trog.
  8425 | D:8      | Found a snail-covered altar of Cheibriados.
  8526 | D:8      | Gained mutation: You have a pair of small antennae on your head. [potion of mutation]
  8526 | D:8      | Gained mutation: You heal slowly when monsters are visible. [potion of mutation]
  8526 | D:8      | Gained mutation: You expend magic power (3 MP) to slightly strengthen your wands. [potion of mutation]
  9014 | D:9      | Found an opulent altar of Gozag.
  9022 | D:9      | Reached skill level 5 in Evocations
  9700 | D:9      | Reached XP level 10. HP: 38/49 MP: 24/24
  9912 | D:9      | Killed from afar by a deep elf mage
  9913 | D:9      | Reached XP level 9. HP: -9/45 MP: 22/22
 10322 | D:10     | Entered Level 10 of the Dungeon
 10396 | D:10     | Noticed an eight-headed hydra
 10397 | D:10     | Noticed a hill giant
 10407 | D:10     | Shot with an arrow by a centaur
 10408 | D:10     | Reached XP level 8. HP: 0/41 MP: 22/22
 10440 | D:10     | Killed an eight-headed hydra
 10440 | D:10     | Reached skill level 10 in Evocations
 10569 | D:10     | Killed a hill giant
 10569 | D:10     | Reached XP level 9. HP: 43/45 MP: 15/24
 10606 | D:10     | Found a staircase to the Lair.
 10607 | D:10     | Noticed a fire drake
 10617 | D:10     | Killed a fire drake
 10956 | D:10     | Noticed a hill giant
 10967 | D:10     | Killed a hill giant
 10994 | D:10     | Noticed a hill giant
 11002 | D:10     | Killed a hill giant
 11002 | D:10     | Reached skill level 10 in Fighting
 11157 | D:10     | Noticed an unseen horror
 11157 | D:10     | Noticed a hill giant
 11157 | D:10     | Noticed a yaktaur
 11363 | D:10     | Noticed an obsidian statue
 11371 | D:10     | Killed an obsidian statue
 11371 | D:10     | Reached XP level 10. HP: 51/51 MP: 25/25
 11827 | D:11     | Reached skill level 1 in Stealth
 11857 | D:11     | Noticed a five-headed hydra
 11895 | D:11     | Killed a five-headed hydra
 11969 | D:11     | Lost mutation: You expend magic power (3 MP) to slightly strengthen your wands. [potion of cure mutation]
 11969 | D:11     | Lost mutation: You have a pair of small antennae on your head. [potion of cure mutation]
 11969 | D:11     | Lost mutation: You heal slowly when monsters are visible. [potion of cure mutation]
 11969 | D:11     | Lost mutation: You are clumsy. (Dex -2) [potion of cure mutation]
 11969 | D:11     | Lost mutation: You are partially covered in thin metallic scales (AC +2). [potion of cure mutation]
 11984 | D:11     | Noticed Grum
 12005 | D:11     | Reached skill level 5 in Stealth
 12067 | D:11     | Slain by an orc warrior

Action                   |  1- 3 |  4- 6 |  7- 9 | 10-12 || total
-------------------------+-------+-------+-------+-------++-------
Melee: Unarmed           |    95 |   212 |   861 |   108 ||  1276
Invok: Berserk           |     3 |     6 |    22 |       ||    31
       Trog's Hand       |       |     1 |     8 |       ||     9
       Brothers in Arms  |       |       |    13 |     2 ||    15
Evoke: Wand              |       |       |    12 |     7 ||    19
  Use: Scroll            |     1 |     4 |    16 |       ||    21
       Potion            |     3 |     4 |    10 |     1 ||    18
 Stab: Sleeping          |     1 |     2 |     6 |       ||     9
       Paralysed         |       |       |     4 |     2 ||     6
       Distracted        |       |       |     2 |       ||     2
  Eat: Chunk             |     4 |     6 |    17 |     1 ||    28
       Meat ration       |       |     1 |     2 |     1 ||     4
       Beef jerky        |       |       |       |     1 ||     1
